Map: New Gettysburg LE

Players

Gracz - Winner!

  • Race: Protoss Protoss
  • League: Bronze

Arkhetyp

  • Race: Zerg Zerg
  • League: Silver

VOD

Have the link to the VOD?

Description

Time

  • Played on: Sept. 18, 2016, 2:36 p.m.
  • Length: 4:21
Show
View Real Time Build Order
Export as new Build Order

Gracz Protoss - Winner!

Build Orders:  

Get SALT Encoding   

  12  0:02  Probe (Chrono Boost)  
  13  0:12  Probe (Chrono Boost)  
  14  0:22  Pylon  
  14  0:25  Probe (Chrono Boost)  
  15  0:40  Probe (Chrono Boost)  
  16  0:49  Gateway  
  16  0:51  Probe (Chrono Boost)  
  17  1:01  Pylon, Probe (Chrono Boost)  
  18  1:10  Assimilator  
  18  1:12  Probe (Chrono Boost)  
  19  1:22  Probe (Chrono Boost), Gateway  
  20  1:31  Gateway  
  20  1:37  Zealot  
  22  1:52  Cybernetics Core  
  22  1:54  Assimilator  
  22  1:55  Probe (Chrono Boost)  
  23  2:10  Zealot  
  25  2:20  Probe (Chrono Boost)  
  25  2:21  Pylon  
  26  2:26  Zealot  
  28  2:31  Probe (Chrono Boost)  
  28  2:33  Sentry  
  31  2:39  Stalker  
  32  2:57  Stalker  
  34  3:09  Stalker  
  36  3:23  Gateway  
  36  3:24  Stalker  
Show
View Real Time Build Order
Export as new Build Order

Arkhetyp Zerg 

Build Orders: Pool Only 

Get SALT Encoding   

  12  0:01  Drone  
  13  0:08  Drone  
  14  0:18  Overlord  
  14  0:37  Drone  
  14  0:38  Drone  
  16  0:46  Spawning Pool  
  16  0:50  Drone  
  16  0:51  Drone  
  17  0:57  Extractor  
  16  1:13  Drone x2  
  18  1:23  Drone  
  19  1:33  Queen  
  19  1:35  Zergling x2  
  22  1:46  Overlord  
  22  1:59  Roach Warren  
  21  2:08  Drone x2  
  23  2:18  Spore Crawler  
  23  2:20  Spore Crawler  
  21  2:29  Spine Crawler  
  20  2:32  Spine Crawler  
  18  2:59  Queen  
  18  3:00  Drone x5  
  18  3:01  Drone  
  26  3:06  Extractor  
  25  3:15  Evolution Chamber  
  24  3:26  Roach  
  24  3:27  Roach x2  
  30  3:30  Overlord  
  30  3:31  Overlord  
Tags
 
Add a new tag
Caveats
  • Supply blocks, unpowered buildings, or Contaminate may cause inaccurate times.
  • Supply counts are checked every 10 seconds.